 Dungeon Crawl Stone Soup version 0.22-a0-619-ga0c6fd2 (webtiles) character file.

494 Hebeh the Conjurer (level 6, -6/32 HPs)
             Began as a Deep Elf Fire Elementalist on July 15, 2018.
             Mangled by Pikel
             ... wielding a +0 whip of electrocution
              (14 damage)
             ... on level 4 of the Dungeon.
             The game lasted 00:14:47 (5279 turns).

Hebeh the Conjurer (Deep Elf Fire Elementalist)     Turns: 5279, Time: 00:14:47

Health: -6/32      AC:  3    Str:  5    XL:     6   Next: 92%
Magic:  1/16       EV: 13    Int: 22    God:
Gold:   140        SH:  0    Dex: 15    Spells: 7/16 levels left

rFire    . . .     SeeInvis .   l - -1 flail (curse)
rCold    . . .     Gourm    .   (no shield)
rNeg     . . .     Faith    .   d - +0 robe
rPois    .         Spirit   .   (no helmet)
rElec    .         Reflect  .   (no cloak)
rCorr    .         Harm     .   h - +0 pair of gloves
MR       .....                  (no boots)
Stlth    ++........             (no amulet)
HPRegen  0.10/turn              (no ring)
MPRegen  0.15/turn              (no ring)

@: no status effects
A: no striking features
a: no special abilities


You were on level 4 of the Dungeon.
You were not hungry.

You visited 1 branch of the dungeon, and saw 4 of its levels.

You collected 140 gold pieces.

Inventory:

Hand Weapons
 a - a +0 club
 b - a +0 hunting sling
 j - a cursed -2 blowgun
 l - a cursed -1 flail (weapon)
 v - a +4 scythe of freezing
Missiles
 c - 106 stones (quivered)
 f - 37 bolts
 g - 19 sling bullets
 i - 52 arrows
 r - 16 poisoned needles
Armour
 d - a +0 robe (worn)
 h - a +0 pair of gloves (worn)
 p - a +0 buckler
Jewellery
 y - a cursed -3 ring of dexterity {unknown}
Scrolls
 m - a scroll of magic mapping {unknown}
 n - 3 scrolls of identify {unknown}
 t - a scroll of teleportation {unknown}
 u - a scroll of fog {unknown}
 x - a scroll of noise {unknown}
Potions
 k - 2 potions of curing {unknown}
 o - a potion of degeneration {unknown}
 q - a potion of invisibility {unknown}
 s - a potion of mutation {unknown}
 w - a potion of might {unknown}
 A - a potion of berserk rage {unknown}
Comestibles
 e - 4 rations


   Skills:
 - Level 2.4 Dodging
 - Level 2.4 Stealth
 + Level 5.5 Spellcasting
 * Level 5.6 Conjurations
 + Level 5.1 Fire Magic


You had 7 spell levels left.
You knew the following spells:

 Your Spells              Type           Power        Failure   Level  Hunger
a - Flame Tongue          Conj/Fire      ####.        1%          1    None
b - Throw Flame           Conj/Fire      ####..       1%          2    None
c - Conjure Flame         Conj/Fire      ####....     3%          3    ##.....
d - Inner Flame           Hex/Fire       ###.....     10%         3    ##.....

Your spell library contained the following spells:

 Spells                   Type           Power        Failure   Level  Hunger
 Fireball                 Conj/Fire      ####......   28%         5    #####..
 Sticky Flame             Conj/Fire      ####....     11%         4    ####...


Dungeon Overview and Level Annotations

Branches:
Dungeon (4/15)
 Temple: D:4-7

Altars:
Fedhas
Sif Muna

Annotations:
D:4 Pikel


Message History

Confirm with . or Enter, or press ? or * to list all spells.
You don't have enough magic to cast that spell.
Pikel closely misses you.
All of the chunks of flesh in your inventory have rotted away.
You closely miss Pikel.
Pikel is almost dead.
Pikel hits you with a whip of electrocution.
You closely miss Pikel.
Pikel is almost dead.
Pikel hits you with a whip of electrocution!
You are electrocuted!
You completely miss Pikel.
Pikel is almost dead.
Pikel barely misses you. Pikel completely misses you.
You closely miss Pikel.
Pikel is almost dead.
Pikel hits you with a whip of electrocution.
* * * LOW HITPOINT WARNING * * *
You are electrocuted!
You die...

#.# #.# #.# #p# #p# #p#
##########K#####
#######.........@....########
........######.....#........#####
#######.# ##...########....... #
#####.# ##.## #..####. # #.....#
#.# #..# #. # #.###.# #.#
#..####. ###.###.# ##'## #.....#.
........# ##...## #.###.#.
###.##### ##.....## ##.......


You could see Pikel and 3 slaves.

Vanquished Creatures
  Sigmund (D:3)
  A slave (D:4)
  A crocodile (D:3)
  A scorpion (D:4)
  A hound (D:3)
  An orc priest (D:3)
  Terence (D:2)
  An orc wizard (D:3)
  A gnoll (D:1)
  2 adders
  2 oozes (D:3)
  2 worms (D:2)
  3 dart slugs
  2 leopard geckos (D:3)
  2 orcs (D:3)
  3 bats
  3 giant cockroaches
  8 goblins
  10 hobgoblins
  6 jackals
  A ball python (D:1)
  4 frilled lizards
  6 kobolds
  5 rats
68 creatures vanquished.

Notes
Turn   | Place    | Note
-------+----------+-------------------------------------------
     0 | D:1      | Hebeh the Deep Elf Fire Elementalist began the quest for the Orb.
     0 | D:1      | Reached XP level 1. HP: 10/10 MP: 6/6
     2 | D:1      | Noticed a tengu
     4 | D:1      | Noticed a merfolk
     4 | D:1      | Noticed a draconian
     6 | D:1      | Noticed a formicid
     6 | D:1      | Noticed a human
     8 | D:1      | Noticed an elf
     8 | D:1      | Noticed a ghoul
    10 | D:1      | Noticed a vine stalker
    12 | D:1      | Noticed an ogre
    12 | D:1      | Noticed a troll
    14 | D:1      | Noticed a naga
    16 | D:1      | Noticed a minotaur
    16 | D:1      | Noticed a demonspawn
    18 | D:1      | Noticed a spriggan
    18 | D:1      | Noticed a gargoyle
    20 | D:1      | Noticed a dwarf
    22 | D:1      | Noticed an octopode
    22 | D:1      | Noticed a felid
    24 | D:1      | Noticed a centaur
    24 | D:1      | Noticed a halfling
    26 | D:1      | Noticed a vampire
    26 | D:1      | Noticed a demigod
   313 | D:1      | Reached XP level 2. HP: 15/15 MP: 1/8
  1049 | D:1      | Reached XP level 3. HP: 19/19 MP: 7/10
  1185 | D:2      | Learned a level 2 spell: Throw Flame
  1189 | D:2      | Learned a level 3 spell: Conjure Flame
  1193 | D:2      | Learned a level 3 spell: Inner Flame
  1855 | D:2      | Found a deep blue altar of Sif Muna.
  2774 | D:3      | Noticed Terence
  2774 | D:3      | Noticed a crocodile
  2781 | D:3      | Killed a crocodile
  2781 | D:3      | Reached XP level 4. HP: 2/24 MP: 3/12
  2781 | D:3      | Reached XP level 5. HP: 3/28 MP: 3/13
  3074 | D:2      | Killed Terence
  3984 | D:3      | Noticed Sigmund
  3991 | D:3      | Killed Sigmund
  3991 | D:3      | Reached skill level 5 in Spellcasting
  3991 | D:3      | Reached skill level 5 in Conjurations
  3991 | D:3      | Reached XP level 6. HP: 15/32 MP: 7/15
  4052 | D:3      | Reached skill level 5 in Fire Magic
  4232 | D:3      | Found a blossoming altar of Fedhas.
  5004 | D:4      | Noticed a slave
  5030 | D:4      | Killed a slave
  5250 | D:4      | Noticed Pikel
  5254 | D:4      | Noticed a slave
  5257 | D:4      | Noticed a slave
  5259 | D:4      | Noticed a slave
  5279 | D:4      | Mangled by Pikel

Vault maps used:
D:1:      kb_arrival_jail
D:2:      led_sif_pool
D:3:      fedhas_altar_3, grunt_ministairs_6, uniq_terence, uniq_sigmund
D:4:      lightli_sewer_entry_pipes, uniq_eustachio, uniq_grinder, uniq_pikel

Skill      XL: |  1  2  3  4  5  6 |
---------------+-------------------+-----
Conjurations   | 2 3 5 |  5.6
Spellcasting   | 4 5 |  5.5
Fire Magic     | 4 5 |  5.1
Dodging        | |  2.4
Stealth        | |  2.4

Action                   |  1- 3 |  4- 6 || total
-------------------------+-------+-------++-------
Melee: Club              |    15 |       ||    15
       Flail             |       |     6 ||     6
 Fire: Hunting sling     |    44 |    16 ||    60
Throw: Stone             |     6 |       ||     6
 Cast: Flame Tongue      |    60 |    61 ||   121
       Throw Flame       |       |    25 ||    25
       Conjure Flame     |       |     1 ||     1
  Use: Scroll            |       |     2 ||     2
  Eat: Chunk             |     5 |     1 ||     6
       Ration            |       |     2 ||     2
Armor: Robe              |    11 |     1 ||    12
Dodge: Dodged            |    33 |    25 ||    58

Table legend:
 A = Spawn XP
 B = Non-spawn XP
 C = Spawn XP percentage of total XP
 D = Spawn monster count
 E = Non-spawn monster count
 F = Spawn count percentage of total count
 G = Total turns spent on level
                    A         B        C        D         E        F      G
               +---------+---------+-------+---------+---------+-------+---------
         Total |       0 |     706 |   0.0 |       0 |      67 |   0.0 |  5279
               +---------+---------+-------+---------+---------+-------+---------
           D:1 |       0 |      44 |   0.0 |       0 |      20 |   0.0 |  1145
           D:2 |       0 |      85 |   0.0 |       0 |      17 |   0.0 |  1980
           D:3 |       0 |     503 |   0.0 |       0 |      28 |   0.0 |  1428
           D:4 |       0 |      74 |   0.0 |       0 |       2 |   0.0 |   726
               +---------+---------+-------+---------+---------+-------+---------
